 Dungeon Crawl Stone Soup version 0.30-a0-808-g6e0788376e (webtiles) character file.

Game seed: 3007804743250476620

30 cheesebisquit the Firebug (level 3, -2/19 HPs)
             Began as a Gargoyle Fire Elementalist on Feb 27, 2023.
             Slain by Sigmund
             ... wielding a +0 scythe
              (8 damage)
             ... on level 2 of the Dungeon.
             The game lasted 00:03:36 (1238 turns).

cheesebisquit the Firebug (GrFE)                    Turns: 1238, Time: 00:03:36

Health: -2/19      AC:  5    Str: 11    XL:     3   Next: 20%
Magic:  4/7        EV: 11    Int: 17    God:
Gold:   59         SH:  0    Dex: 10    Spells: 6/7 levels left

rFire   . . .      SeeInvis .    l - +0 club
rCold   . . .      Faith    .    (no shield)
rNeg    + . .      Spirit   .    a - +0 robe
rPois   ∞          Reflect  .    (no helmet)
rElec   +          Harm     .    (no cloak)
rCorr   .          Rampage  .    (no gloves)
Will    .....                    (no boots)
Stlth   +                        (no amulet)
HPRegen 0.23/turn                (no ring)
MPRegen 0.10/turn                (no ring)

@: confused, very slightly contaminated
A: sickness immunity, AC +3, negative energy resistance 1, electricity
resistance, torment resistance 1, petrification resistance
a: no special abilities


You were on level 2 of the Dungeon.
You visited 1 branch of the dungeon, and saw 2 of its levels.

You collected 59 gold pieces.

Inventory:

Hand Weapons
 l - a +0 club (weapon)
Armour
 a - a +0 robe (worn)
Scrolls
 g - a scroll of teleportation {unknown}
 h - a scroll of enchant weapon {unknown}
 j - a scroll of butterflies {unknown}
 k - 2 scrolls of identify {unknown}
Potions
 b - a potion of magic
 c - 2 potions of lignification {unknown}
 d - 2 potions of haste {unknown}
 f - a potion of attraction {unknown}
 i - a potion of ambrosia {unknown}


   Skills:
 - Level 1.5 Dodging
 - Level 2.1 Stealth
 + Level 2.7 Spellcasting
 - Level 1.1 Conjurations
 + Level 3.6 Fire Magic


You had 6 spell levels left.
You knew the following spells:

 Your Spells              Type           Power      Damage    Failure   Level
a - Foxfire               Conj/Fire      40%        2x1d6     7%          1

Your spell library contained the following spells:

 Spells                   Type           Power      Damage    Failure   Level
 Scorch                   Fire           28%        2d6       6%          2
 Inner Flame              Hex/Fire       8%         N/A       26%         3
 Kindle Blastsparks       Fire/Tloc/Air  12%        2d11      32%         3
 Flame Wave               Conj/Fire      10%        2d6       56%         4


Dungeon Overview and Level Annotations

Branches:
Dungeon (2/15)

Altars:

Annotations:
D:2 Sigmund


Innate Abilities, Weirdness & Mutations

You are immune to sickness and miasma.
Your stone body is resilient. (AC +3)
You are immune to poison.
You resist negative energy. (rN+)
You are resistant to electric shocks. (rElec)
You are resistant to unholy torment.
You are immune to petrification.


Message History

You conjure some foxfire!
The frilled lizard hisses angrily.
The foxfire hits the frilled lizard.
You kill the frilled lizard!
Your foxfire dissipates!
Magic restored.
The goblin shouts!
You see here 8 gold pieces.
You now have 59 gold pieces (gained 8).
You conjure some foxfire!
The foxfire hits the goblin.
The goblin is severely wounded.
You conjure some foxfire!
The foxfire hits the goblin.
The goblin is moderately wounded.
You conjure some foxfire!
Your foxfire dissipates!
The foxfire hits the goblin.
You kill the goblin!
You miscast Foxfire.
You are very lightly contaminated with residual magic.
Nothing appears to happen.
The goblin hits you but does no damage. Sigmund casts a spell at you.
You are confused.
The goblin attacks as you move away! The goblin hits you but does no damage.
Sigmund says, "Look into my eyes."
You're too confused to cast spells.
You're too confused to cast spells.
The goblin misses you.
Sigmund points at you and mumbles some strange words.
You are more confused.
You miss the goblin.
The goblin is moderately wounded.
The goblin barely misses you. Sigmund casts a spell at you.
The puff of flame hits you!
Ouch! That really hurt!
The goblin hits you but does no damage.
Sigmund hits you from afar with a +0 scythe!
You die...

#........# #......†.#
.###........#
...#...............#
......(...!..##.#..####
...................<..#
J....gg......)@.......#
................g.....#
.............###@#.####
.†...........
#......... .<..........
........###
..§..................#
..$#..!..#.....#.....#
#### ##.##...#.#.......
##...#.#........ #.#
#..##...###


You could see Sigmund and a goblin.

Vanquished Creatures
  A dart slug (D:1)
  3 ball pythons (D:1)
  6 bats
  An endoplasm (D:1)
  A giant cockroach (D:1)
  4 goblins
  A hobgoblin (D:1)
  A kobold (D:1)
  A quokka (D:1)
  4 frilled lizards
  2 rats (D:1)
25 creatures vanquished.

Vanquished Creatures (others)
  43 foxfires
43 creatures vanquished.

Grand Total: 68 creatures vanquished

Notes
Turn   | Place    | Note
-------+----------+-------------------------------------------
     0 | D:1      | cheesebisquit the Gargoyle Fire Elementalist began the
                  | quest for the Orb.
     0 | D:1      | Reached XP level 1. HP: 10/10 MP: 3/3
   127 | D:1      | Reached XP level 2. HP: 5/15 MP: 1/5
   669 | D:1      | Reached XP level 3. HP: 17/19 MP: 3/6
  1143 | D:2      | Noticed Sigmund
  1238 | D:2      | Slain by Sigmund

Illustrated notes

Levels and vault maps discovered:
D:1:      psy_arrival_radial01, layout_loops_ring
D:2:      layout_rooms, kennysheep_generic_room_3, uniq_sigmund

Action                     || total
---------------------------++-------
  Melee: Unarmed           ||    17
         Dagger            ||     6
         Club              ||     1
   Cast: Foxfire           ||    31
   Stab: Sleeping          ||     1
 Armour: Robe              ||    15
  Dodge: Dodged            ||    19

Table legend: (Time is in decaauts)
 A = Elapsed time spent in this place.
 B = Non-inter-level travel time spent in this place.
 C = Inter-level travel time spent in this place.
 D = Time resting spent in this place.
 E = Time spent auto-exploring this place.
 F = Levels seen in this place.
 G = Mean time per level.
                   A        B        C        D        E       F      G
               +--------+--------+--------+--------+--------+-----+--------+
         Total |   1237 |   1135 |    102 |      2 |    985 |   2 |  618.5 |
       Dungeon |   1237 |   1135 |    102 |      2 |    985 |   2 |  618.5 |
               +--------+--------+--------+--------+--------+-----+--------+

Top non-repeatable levels by time:
     D:1: 1206 daAuts
     D:2: 30 daAuts
